[Event "45th FIDE Olympiad 2024"]
[Site "Budapest"]
[Date "2024.09.16"]
[Round "6.120"]
[White "Mapuranga, Vitalis"]
[Black "Starostits, Ilmars"]
[Result "0-1"]
[ECO "D13"]
[WhiteElo "2013"]
[BlackElo "2344"]
[Annotator "TA"]
[PlyCount "90"]
[EventDate "2024.09.05"]
[EventType "team-tourn"]
[EventCountry "HUN"]
[SourceTitle "playchess.com"]
[Source "ChessBase"]
[SourceQuality "1"]
[WhiteTeam "Zimbabwe"]
[BlackTeam "Latvia"]
[WhiteTeamCountry "ZIM"]
[BlackTeamCountry "LAT"]
[TimeControl "40/5400+30:1800+30"]

1. d4 d5 2. c4 c6 3. Nc3 Nf6 4. Nf3 a6 5. cxd5 cxd5 6. Bf4 Nc6 7. e3 Bg4 8. h3 Bxf3 9. Qxf3 e6 10. Bd3 Rc8 11. O-O Be7 12. Rac1 O-O 13. Bb1 b5 14. Rfd1 Qa5 15. g4 {[%cal Bg2g4,Bg4g5][%mdl 32] White is slightly better.} Rfd8 16. g5 Ne8 17. e4 b4 18. Ne2 g6 19. e5 Rc7 20. Kg2 Rdc8 (20... Ng7 $14) 21. Rh1 Ng7 22. h4 {[%cal Oh4h5] Black must now prevent h5!} Nh5 23. Be3 Bf8 24. Ng3 ({Better is} 24. Rcf1 $16) 24... Nxg3 25. fxg3 {[#]} b3 $1 26. axb3 {[#]} Nxd4 $1 27. Rxc7 $1 Nxf3 28. Rxc8 Nxe5 (28... d4 $1 $15 29. Kxf3 Qd5+ (29... dxe3 30. Rd1 $11) 30. Be4 Qxb3) 29. Rd1 $2 {[%mdl 8192] White is now going downhill.} (29. Bc5 $1 $11 Nd7 (29... Qd2+ 30. Kh3 $11) 30. Be7) 29... Qb5 $19 30. Rd2 {Prevents Qe2+} (30. Re1 $142 Qb7 (30... Qxb3 $2 31. Bd4 $19) 31. Rxf8+ Kxf8 32. Bc5+ Ke8 33. Rxe5) 30... Qb7 {Hoping for ...d4+.} 31. Rxf8+ Kxf8 32. Bc5+ Ke8 33. Bd4 Nc6 34. Bf6 Qb4 35. Rc2 (35. Re2 $142) 35... Kd7 36. Rc3 Nd4 37. Be5 Nb5 38. Rf3 Qe1 39. Rxf7+ Kc6 40. Rxh7 Qxb1 41. Bf6 Nd6 {( -> ...Qc2+)} 42. h5 gxh5 {Black mates.} 43. Rxh5 Qe4+ 44. Kh3 Qh1+ 45. Kg4 Qd1+ {Weighted Error Value: White=1.20/Black=0.45.  Loses game:     	White=1     	---        Mistake:       	White=3     	Black=2      Inaccurate:     	White=4     	Black=4      OK:         	White=6     	Black=8      Best:        	White=1     	Black=2      Strong:       	White=1     	---        Brilliant:      	---       	Black=1} 0-1

[Event "45th FIDE Olympiad 2024"]
[Site "Budapest"]
[Date "2024.09.16"]
[Round "6.121"]
[White "Miguel, Sergio"]
[Black "Garcia Pantoja, Roberto"]
[Result "0-1"]
[ECO "B52"]
[WhiteElo "2241"]
[BlackElo "2550"]
[Annotator "RC"]
[PlyCount "64"]
[EventDate "2024.09.05"]
[EventType "team-tourn"]
[EventCountry "HUN"]
[SourceTitle "playchess.com"]
[Source "ChessBase"]
[SourceQuality "1"]
[WhiteTeam "Angola"]
[BlackTeam "Colombia"]
[WhiteTeamCountry "ANG"]
[BlackTeamCountry "COL"]
[TimeControl "40/5400+30:1800+30"]

1. e4 c5 2. Nf3 d6 3. Bb5+ Bd7 4. Bxd7+ Qxd7 5. O-O Nc6 6. c3 d5 7. exd5 Qxd5 8. d4 e6 9. Qa4 Nf6 10. c4 Qd7 11. Be3 cxd4 12. Nxd4 Bc5 13. Nf5 Bxe3 14. Nxe3 O-O 15. Nc3 Qc7 16. Rac1 Ne5 17. Nb5 Qc6 18. Rfd1 a6 19. Nc3 Qc7 20. c5 Qxc5 21. Ncd5 Qb5 22. Nxf6+ gxf6 23. Qh4 Kg7 24. Ng4 Nxg4 25. Qxg4+ Qg5 26. Qf3 b5 27. Rc6 Rfd8 28. g3 a5 29. b3 Qf5 30. Qe2 Rac8 31. Rxd8 Rxd8 32. Qc2 Qf3 0-1

[Event "45th FIDE Olympiad 2024"]
[Site "Budapest"]
[Date "2024.09.16"]
[Round "6.122"]
[White "Cardoso Cardoso, Jose Gabriel"]
[Black "Silva, David"]
[Result "1-0"]
[ECO "B32"]
[WhiteElo "2508"]
[BlackElo "2363"]
[Annotator "TA"]
[PlyCount "57"]
[EventDate "2024.09.05"]
[EventType "team-tourn"]
[EventCountry "HUN"]
[SourceTitle "playchess.com"]
[Source "ChessBase"]
[SourceQuality "1"]
[WhiteTeam "Colombia"]
[BlackTeam "Angola"]
[WhiteTeamCountry "COL"]
[BlackTeamCountry "ANG"]
[TimeControl "40/5400+30:1800+30"]

1. e4 c5 2. Nf3 Nc6 3. d4 cxd4 4. Nxd4 e5 5. Nb5 d6 6. c4 Be7 7. Be2 Be6 8. Be3 a6 9. N5c3 Bg5 10. Qd2 {The position is equal.} Bxe3 11. Qxe3 Nd4 12. Na3 {Inhibits Nc2+.} Nf6 13. O-O Rc8 14. Rfd1 Qb6 15. Rd2 O-O 16. h3 Rfd8 17. Rad1 Qc5 18. Bf1 Qb4 19. Ne2 Nxe2+ 20. Bxe2 h6 21. Bf1 {[#]} b5 $1 22. cxb5 Bxa2 $2 (22... axb5 $15 {stays ahead.} 23. f3 Bxa2) 23. bxa6 $16 Bb3 {[#]} (23... Nxe4 $16 24. Rc2 Nc5) 24. Re1 (24. Ra1 $1 $18) 24... Nxe4 $1 $14 25. Rd3 Nc5 26. Rc3 $36 {[%mdl 2048] a7 is the strong threat. White fights for an advantage.} Be6 $2 {[#]} (26... Ra8 $1 $14) 27. a7 $1 $18 d5 {And now ...d4 would win.} 28. a8=Q d4 $2 (28... Rxa8 {is a better defense.} 29. Rxc5 (29. Qxc5 Qxb2 30. Rg3 e4 $18) 29... Qxb2) 29. Qxe5 {Weighted Error Value: White=0.26 (precise) /Black=0.53.  Loses game:     	---       	Black=1      Mistake:       	White=1     	Black=3      Inaccurate:     	White=4     	Black=1      OK:         	White=9     	Black=8      Best:        	White=3     	---        Strong:       	White=1     	Black=1} 1-0

[Event "45th FIDE Olympiad 2024"]
[Site "Budapest"]
[Date "2024.09.16"]
[Round "6.123"]
[White "Junior, Domingos"]
[Black "Avila Pavas, Santiago"]
[Result "0-1"]
[ECO "B75"]
[WhiteElo "2183"]
[BlackElo "2485"]
[Annotator "TA"]
[PlyCount "64"]
[EventDate "2024.09.05"]
[EventType "team-tourn"]
[EventCountry "HUN"]
[SourceTitle "playchess.com"]
[Source "ChessBase"]
[SourceQuality "1"]
[WhiteTeam "Angola"]
[BlackTeam "Colombia"]
[WhiteTeamCountry "ANG"]
[BlackTeamCountry "COL"]
[TimeControl "40/5400+30:1800+30"]

1. e4 c5 2. Nf3 d6 3. d4 cxd4 4. Nxd4 Nf6 5. Nc3 g6 6. Be3 Nc6 7. f3 h5 8. Bc4 Bg7 9. Qd2 Bd7 10. O-O-O Na5 11. Bb3 Rb8 12. h3 b5 {White has an edge.} 13. g4 Qc8 14. Nd5 (14. Kb1 $11) 14... Nxd5 15. exd5 Nc4 16. Bxc4 bxc4 17. c3 Qa6 18. Kb1 Qa5 $1 19. Rhe1 Qxd5 {Threatens to win with ...Qb7.} 20. Qe2 (20. Bg5 $15 f6 21. Qe2) 20... O-O (20... Qb7 $19 {...Kf8 would now be deadly.} 21. Bh6 O-O (21... Bxh6 22. Qxe7#) 22. Bxg7 Kxg7) 21. Ka1 $17 Qa5 22. Qd2 (22. gxh5 $17 Qxh5 23. Qxc4) 22... Rb6 {Strongly threatening ...hxg4.} 23. Qc1 (23. Ne2 $142 Ra6 24. a3) 23... Rfb8 $19 24. Rd2 h4 (24... e5 $142 25. Ne2 Ra6) 25. f4 e5 $40 {[%mdl 128] White is in trouble. Black is more active.} 26. Nf3 (26. fxe5 {is a better defense.} dxe5 27. Nf5) 26... Ra6 27. a3 Bc6 $1 28. Nxh4 exf4 {[%cal Ob8b2] ( -> ...Rxb2!)} 29. Bxf4 $2 {[#]} (29. Bd4 Qg5 30. Bxg7 Kxg7 (30... Qxh4 31. Bd4 $11) 31. Ng2) 29... Rxb2 $3 30. Rxb2 {aiming for Rb8+.} (30. Qxb2 Bxc3 (30... Qxa3+ 31. Qxa3 Rxa3+ 32. Kb2 $14) 31. Re3 Qxa3+ (31... Bxb2+ $2 32. Rxb2 Qc5 33. Kb1 $19) (31... Bxd2 $2 32. Nxg6 $18) 32. Kb1 Rb6 (32... Qxb2+ 33. Rxb2 Bd4 34. Ree2 $14) (32... Bxb2 $2 33. Rxa3 Bxa3 34. Re2 $19) 33. Rxc3 Be4+ (33... Rxb2+ $2 34. Rxb2 Qxc3 35. Rb8+ Kh7 36. Nf5 $19) 34. Kc1 Qxc3+ (34... Rxb2 35. Kd1 Qxc3 36. Rxb2 Qxb2 37. Bd2 Bd3 38. Ke1 c3 39. Nf3 cxd2+ 40. Nxd2 Qc1+ 41. Kf2 Qxd2+ 42. Kg3 Be4 43. g5 Qg2+ 44. Kh4 Qf2+ 45. Kg4 Bf5#) 35. Kd1 Rxb2 36. Rxb2 Qxb2 37. Bd2 Bd3 (37... c3 38. Bxc3 Qxc3 39. Ke2 Qd3+ 40. Ke1 Qc2 41. Kf1 Qh2 42. Ke1 Bd3 43. Ng2 Qxg2 44. Kd1 Qc2+ 45. Ke1 Qe2#) 38. Ke1 c3 39. Nf3 cxd2+ 40. Nxd2 Qc1+ 41. Kf2 Qxd2+ 42. Kf3 g5 43. h4 gxh4 44. g5 Qe2+ 45. Kf4 Qe4#) 30... Bxc3 ({Weaker is} 30... Qxa3+ 31. Kb1 Kh7 (31... Qxc3 $2 32. Rb8+ Kh7 33. Qxc3 $18) 32. Nxg6 Bxc3 33. Nf8+ (33. Ne7 $2 Ba4 $19) 33... Kg8 34. Nd7 (34. Ng6 $2 Rb6 $19) 34... Bxd7 (34... Qa1+ 35. Kc2 $11) 35. Rb8+ Kh7 36. Qxa3 Rxa3 37. Rc1 $11) 31. Bxd6 {[#]} Be4 $2 {A strong pair of Bishops.} 32. Be7 $2 (32. Rxe4 $11 Rxd6 33. Re3) 32... Qxa3+ {Weighted Error Value: White=0.54/Black=0.33.  Loses game:     	White=1     	---        Missed win:     	---       	Black=1      Mistake:       	White=6     	Black=2      Inaccurate:     	White=2     	Black=1      OK:         	White=8     	Black=6      Best:        	White=1     	Black=4      Strong:       	---       	Black=1} 0-1

[Event "45th FIDE Olympiad 2024"]
[Site "Budapest"]
[Date "2024.09.16"]
[Round "6.124"]
[White "Valderrama Quiceno, Esteban Alb"]
[Black "Domingos, Catarino"]
[Result "1/2-1/2"]
[ECO "C95"]
[WhiteElo "2418"]
[BlackElo "2229"]
[Annotator "RC"]
[PlyCount "95"]
[EventDate "2024.09.05"]
[EventType "team-tourn"]
[EventCountry "HUN"]
[SourceTitle "playchess.com"]
[Source "ChessBase"]
[SourceQuality "1"]
[WhiteTeam "Colombia"]
[BlackTeam "Angola"]
[WhiteTeamCountry "COL"]
[BlackTeamCountry "ANG"]
[TimeControl "40/5400+30:1800+30"]

1. e4 e5 2. Nf3 Nc6 3. Bb5 a6 4. Ba4 Nf6 5. O-O b5 6. Bb3 Be7 7. Re1 d6 8. c3 O-O 9. h3 Nb8 10. d4 Nbd7 11. Nbd2 Bb7 12. Bc2 Re8 13. Nf1 Bf8 14. Ng3 g6 15. a4 c5 16. d5 c4 17. Be3 h6 18. Qd2 Kh7 19. Nh2 Bg7 20. Kh1 Qc7 21. Rf1 Ng8 22. f4 exf4 23. Rxf4 Ne5 24. Raf1 Re7 25. Ne2 Rae8 26. Nf3 Bc8 27. axb5 axb5 28. Rh4 Nxf3 29. Rxf3 f6 30. Nf4 Re5 31. Ne2 Qf7 32. Ng3 g5 33. Rh5 Qg6 34. Bd4 g4 35. Bxe5 fxe5 36. Rff5 Nf6 37. Rh4 Bxf5 38. exf5 Qf7 39. hxg4 Kg8 40. Ne4 Nxe4 41. Bxe4 Ra8 42. Kh2 Ra1 43. g5 hxg5 44. Qxg5 Qf6 45. Qh5 Qf7 46. Qg5 Qf6 47. Qh5 Qf7 48. Qg5 1/2-1/2

[Event "45th FIDE Olympiad 2024"]
[Site "Budapest"]
[Date "2024.09.16"]
[Round "6.125"]
[White "Mwali, Chitumbo"]
[Black "Fawzy, Adham"]
[Result "0-1"]
[ECO "A20"]
[WhiteElo "2312"]
[BlackElo "2507"]
[Annotator "TA"]
[PlyCount "104"]
[EventDate "2024.09.05"]
[EventType "team-tourn"]
[EventCountry "HUN"]
[SourceTitle "playchess.com"]
[Source "ChessBase"]
[SourceQuality "1"]
[WhiteTeam "Zambia"]
[BlackTeam "Egypt"]
[WhiteTeamCountry "ZAM"]
[BlackTeamCountry "EGY"]
[TimeControl "40/5400+30:1800+30"]

1. c4 e5 2. g3 Nf6 3. Bg2 d5 4. cxd5 Nxd5 5. Nf3 Nc6 6. O-O Nb6 7. d3 Be7 8. a3 a5 9. b3 Be6 10. Bb2 {The position is equal.} f6 11. Nbd2 O-O 12. Rc1 Qd7 13. Qc2 Rfd8 14. Rfd1 Qe8 15. e3 Qf7 16. d4 exd4 17. Nxd4 Nxd4 18. Bxd4 Bxa3 19. Ra1 Bb4 20. Bxb7 Rab8 $132 {[%mdl 2048] Black is fighting back} 21. Be4 f5 22. Bc6 h6 23. Rab1 (23. Rdc1 {simplifies} Bd5 24. Nc4 Nxc4 25. Bxd5 Rxd5 26. Qxc4 c5 27. Bc3) 23... f4 24. gxf4 {[#]} (24. Ne4 $11) 24... Rxd4 $1 25. exd4 Nd5 {...Nc3 is the strong threat.} 26. Nf1 (26. Ne4 $1 $11 {is superior.}) 26... Nc3 $17 27. Ng3 {[%cal Of4f5] Prevents Bf5} Nxb1 28. Rxb1 Qxf4 29. Be4 Rf8 {Black is more active.} 30. Rd1 Bg4 31. Rd3 (31. Qc4+ $17 {was necessary.} Kh8 32. Rf1) 31... h5 $2 (31... Be1 $1 $19 32. f3 Bh3 (32... Bxg3 33. hxg3 Qxg3+ 34. Qg2 $17)) 32. h3 $1 $11 Be6 {A strong pair of Bishops.} 33. Rf3 Qg5 34. h4 Qxh4 {And now ...Qg5 would win.} 35. Rxf8+ Bxf8 36. d5 Bg4 37. Qxc7 Qg5 38. d6 Qe5 {[%cal Oh5h4] Threatens to win with ...h4!} 39. Bg6 {Threatening mate with Qf7+.} Bxd6 40. Qf7+ Kh8 {White must now prevent ...h4. Chess con chili.} 41. Bxh5 Qe6 {Strongly threatening ...Bxg3.} 42. Kg2 Kh7 43. Qb7 $1 Bh3+ 44. Kh2 Bf5 {Hoping for ...Qh6.} 45. Bf7 $2 (45. Bf3 $11 {and White has nothing to worry.}) 45... Qh6+ $1 $19 46. Kg1 $2 (46. Kg2 Qh3+ 47. Kg1 Bxg3 48. fxg3 Qxg3+ 49. Qg2 Qxg2+ 50. Kxg2) 46... Bxg3 47. fxg3 {[%mdl 4096] Endgame. [#] KQB-KQB} Qe3+ $1 {Black mates.} 48. Kh2 {[#]} Be4 $1 49. Qc7 Qf2+ 50. Kh3 Bg2+ 51. Kg4 Qf3+ 52. Kh4 Qf6+ {Weighted Error Value: White=0.42/Black=0.08 (flawless) .  Loses game:     	White=1     	---        Mistake:       	White=4     	Black=1      Inaccurate:     	White=2     	Black=4      OK:         	White=18    	Black=19     Best:        	White=1     	Black=2      Strong:       	White=2     	Black=1} 0-1

[Event "45th FIDE Olympiad 2024"]
[Site "Budapest"]
[Date "2024.09.16"]
[Round "6.126"]
[White "Wageih, Kareim"]
[Black "Kayonde, Andrew"]
[Result "1-0"]
[ECO "A13"]
[WhiteElo "2402"]
[BlackElo "2338"]
[Annotator "TA"]
[PlyCount "151"]
[EventDate "2024.09.05"]
[EventType "team-tourn"]
[EventCountry "HUN"]
[SourceTitle "playchess.com"]
[Source "ChessBase"]
[SourceQuality "1"]
[WhiteTeam "Egypt"]
[BlackTeam "Zambia"]
[WhiteTeamCountry "EGY"]
[BlackTeamCountry "ZAM"]
[TimeControl "40/5400+30:1800+30"]

1. Nf3 Nf6 2. b3 d5 3. Bb2 e6 4. e3 Bd6 5. c4 O-O 6. g3 {A13: English Opening: 1...e6.} Re8 7. d4 dxc4 8. bxc4 b6 9. Bg2 Bb7 10. O-O c5 11. Nbd2 Nbd7 12. Re1 Qc7 $146 ({Predecessor:} 12... Rc8 13. e4 Bb8 14. e5 Ng4 15. h3 Nh6 16. g4 cxd4 17. Bxd4 Nc5 18. Qe2 Rc7 {½-½ Deac,B (2700)-Boyer,M (2453) PRO League Prelim rapid 2023 (3.2)}) 13. Qb3 Rad8 14. Rad1 h6 15. Nb1 a6 16. a4 Rc8 17. Nbd2 Bc6 18. Nh4 Bxg2 19. Nxg2 Qc6 20. Bc3 cxd4 21. exd4 e5 22. d5 Qc7 23. Ne3 Nc5 24. Qc2 Qd7 25. a5 bxa5 26. Bxa5 e4 27. Bc3 Be5 28. Re2 Qh3 29. Bxe5 Rxe5 30. f4 exf3 31. Nxf3 Re4 32. Ng2 Qg4 33. Rxe4 Qxe4 34. Qxe4 Ncxe4 35. Ne5 Nd6 36. Nc6 Kf8 37. Ne3 Re8 38. Rd3 Nfe4 39. Ra3 Nc5 40. Kf2 g6 41. Kf3 h5 42. Nb4 g5 43. Kf2 (43. Nxa6 $2 Ra8 44. Nxc5 Rxa3 $19) 43... g4 44. Nbc2 (44. Nxa6 $2 {loses.} Ra8 45. Nxc5 Rxa3 $19) 44... Ra8 45. Nd4 a5 46. Nb3 ({Don't play} 46. Nb5 Ke7 $15) 46... Nde4+ 47. Ke2 Nc3+ 48. Kf1 N3a4 (48... Nxb3 $11 49. Rxb3 Ne4) 49. Nxc5 ({Better is} 49. Nf5 $14) 49... Nxc5 $11 50. Ke2 a4 51. Kd2 Re8 52. Nf5 Re5 53. Nd4 Re4 54. Kc3 Ke7 55. Nf5+ Kf6 $1 56. Nd6 Re2 (56... Re3+ $11 57. Kb4 Rxa3 58. Kxa3 Ke5) 57. Kb4 $16 Nd7 58. Rxa4 Ke5 $2 (58... h4 $16 {is a better defense.}) 59. Nxf7+ $18 Kd4 60. Ra7 $2 (60. Kb5 $18) 60... Nc5 $2 (60... Nb6 $11 61. Kb5 Nxc4) 61. Nd6 $2 (61. Kb5 $18) 61... Rb2+ 62. Ka5 Rxh2 $2 {[#]} ({Black should try} 62... Nd3 $1 $14) 63. Kb6 $1 $18 Rb2+ 64. Kc6 Nd3 {[#]} 65. Re7 $1 Ne5+ $2 (65... Nb4+ {is more resistant.} 66. Kd7 Kd3) 66. Kc7 $18 Rc2 67. Nf5+ Ke4 68. Nd6+ (68. Kd6 $142 Rxc4 69. Rxe5+ Kf3 70. Ke6) 68... Kd4 $18 69. Nf5+ (69. Nb5+ $142 Kxc4 70. Na3+ Kxd5+ 71. Nxc2) 69... Ke4 $1 $18 70. Kd6 $1 Kxf5 71. Rxe5+ Kg6 72. c5 Rc3 73. c6 Rxg3 74. c7 Rc3 75. Kd7 h4 76. Re6+ ({Stronger than} 76. c8=B g3 77. Re1 g2 $11) 1-0

[Event "45th FIDE Olympiad 2024"]
[Site "Budapest"]
[Date "2024.09.16"]
[Round "6.127"]
[White "Mulenga, Prince Daniel"]
[Black "Wafa, Hamed"]
[Result "1/2-1/2"]
[ECO "D40"]
[WhiteElo "2184"]
[BlackElo "2368"]
[Annotator "TA"]
[PlyCount "120"]
[EventDate "2024.09.05"]
[EventType "team-tourn"]
[EventCountry "HUN"]
[SourceTitle "playchess.com"]
[Source "ChessBase"]
[SourceQuality "1"]
[WhiteTeam "Zambia"]
[BlackTeam "Egypt"]
[WhiteTeamCountry "ZAM"]
[BlackTeamCountry "EGY"]
[TimeControl "40/5400+30:1800+30"]

1. Nf3 c5 2. c4 Nf6 3. Nc3 Nc6 4. e3 e6 5. d4 cxd4 6. exd4 d5 7. Bd3 Be7 8. O-O O-O 9. a3 dxc4 10. Bxc4 Nd5 11. Qd3 Nxc3 12. bxc3 b6 13. h4 Bb7 14. Ng5 g6 15. Re1 Bf6 $1 16. Bf4 {[%cal Oe1e6] And now Rxe6! would win.} Ne7 17. Ba2 Rc8 18. Rac1 Nd5 19. Bd2 Qc7 20. Re4 ({White should try} 20. Qf3 $14 Bg7 21. Ne4) 20... Ne7 21. Rg4 (21. Rf4 $11 {might be stronger.} Nf5 22. Nxe6 fxe6 23. Bxe6+ Kg7 24. Bxc8 Bxc8 (24... Rxc8 25. d5 $14) 25. g4 Bxh4 (25... Nxh4 $2 26. g5 $18) 26. gxf5 Bxf5 27. Qe3) 21... h5 $15 22. Ne4 Bg7 23. Rg5 {[#]} (23. Rf4 $1 $15) 23... Nf5 (23... Bd5 $1 $17 24. Bb1 Qc4) 24. g4 $11 hxg4 (24... Nxh4 $6 25. gxh5 Qe7 26. Qh3 Bxe4 27. Qxh4 $16) 25. h5 Qc6 (25... Bd5 $11 {remains equal.} 26. Bxd5 exd5) 26. Re1 $36 {[%mdl 2048] White is really pushing.} Nh6 $2 (26... Nxd4 $16 27. cxd4 Qc2) 27. d5 (27. hxg6 f5 $18) 27... Qd7 (27... exd5 28. Bxd5 Rcd8 29. c4 $18 (29. Bxc6 Rxd3 30. Bxb7 Nf5 $18)) 28. c4 (28. hxg6 f5 $18) 28... exd5 $2 (28... f5 $2 29. Nd6 e5 (29... Qxd6 $2 30. Rxe6 Qd8 31. Rgxg6 $18) 30. Rxg6 $18 (30. Nxc8 Bxc8 31. Rxg6 Kh7 $18)) (28... Qe7 29. Bb4 (29. hxg6 f5 $18) 29... Qd8 30. Bxf8 (30. hxg6 f5 $11) 30... Kxf8) 29. cxd5 $18 (29. hxg6 f5 30. Nc3 (30. cxd5 fxe4 31. Rxe4 Rf3 $11) (30. Ng3 f4 $14) 30... g3 $18) 29... Nf5 (29... g3 $142 30. Nxg3 (30. Qxg3 Nf5 $18) (30. hxg6 gxf2+ 31. Nxf2 Ba6 $18) 30... Ba6 31. Qxa6 Rc2) 30. hxg6 fxg6 31. Rxg6 Nh4 32. d6+ Kh8 33. Be6 Qc6 34. Rxg4 Nf3+ 35. Kg2 {Rh1+ would kill now.} (35. Kh1 Qe8 36. Rg3 (36. Bxc8 $2 Qh5+ 37. Kg2 Qh2+ 38. Kf1 Bxc8 $19) 36... Qxe6 $11) 35... Nxe1+ 36. Bxe1 {Threatening mate with Qh3+.} Rf6 37. Bxc8 Bxc8 38. Rh4+ Kg8 39. f3 $2 (39. Qc4+ $1 $18 Qxc4 40. Nxf6+ Bxf6 41. Rxc4) 39... Rg6+ $16 40. Bg3 {[%cal Oe4g5] Ng5! is the strong threat.} Be5 $2 {[#]} (40... Qe8 $16 {was called for.} 41. Rh5 Bd7) 41. Nf6+ $2 Kf7 $1 $11 42. Ne4 {aiming for Rh7+. Some like it hot} Bf5 $2 {[%mdl 8192] This pair of bishops is nice.} (42... Kg8 $11) 43. Qb3+ $2 (43. Rh7+ $18 Bg7 44. Rh5 Bxe4 45. fxe4) 43... Kg7 {...Bxe4 would now be deadly.} 44. Kh2 Rxg3 45. Nxg3 {Strongly threatening f4.} Qxd6 {( -> ...Qd2+)} 46. f4 $1 Qd2+ (46... Bxf4 $11 47. Qf3 Be5) 47. Kh1 $16 Be4+ 48. Nxe4 $18 {White wants to mate with Rh7+.} Qe1+ 49. Kg2 Qxh4 50. Qg3+ (50. Ng3 $18 Kf8 51. fxe5) 50... Qxg3+ $11 {The position is equal.} 51. Kxg3 {[%mdl 4096] Endgame. KB-KN} Bb2 52. a4 Kf8 53. Kf3 Ke7 54. f5 Kd7 55. Ke3 Be5 56. Kd3 a6 57. Kc4 Kc6 58. Nd2 b5+ 59. axb5+ axb5+ 60. Kb3 Bf6 {Weighted Error Value: White=0.68/Black=0.61.  Loses game:     	---       	Black=4      Missed win:     	White=4     	---        Mistake:       	White=3     	Black=5      Inaccurate:     	White=2     	Black=3      OK:         	White=14    	Black=14     Best:        	White=6     	Black=5      Strong:       	White=1     	Black=2} 1/2-1/2

[Event "45th FIDE Olympiad 2024"]
[Site "Budapest"]
[Date "2024.09.16"]
[Round "6.128"]
[White "Sadek, Sameh"]
[Black "Kaoma, Micheal"]
[Result "1-0"]
[ECO "D30"]
[WhiteElo "2269"]
[BlackElo "2161"]
[Annotator "TA"]
[PlyCount "67"]
[EventDate "2024.09.05"]
[EventType "team-tourn"]
[EventCountry "HUN"]
[SourceTitle "playchess.com"]
[Source "ChessBase"]
[SourceQuality "1"]
[WhiteTeam "Egypt"]
[BlackTeam "Zambia"]
[WhiteTeamCountry "EGY"]
[BlackTeamCountry "ZAM"]
[TimeControl "40/5400+30:1800+30"]

1. d4 d5 2. c4 e6 3. Nf3 Nf6 4. Nbd2 c5 5. e3 Nc6 6. a3 Be7 7. dxc5 dxc4 (7... a5 $11 {keeps the balance.}) 8. Bxc4 $16 {White is better.} Bxc5 9. b4 Be7 10. Bb2 O-O 11. O-O Bd7 12. e4 a6 13. e5 Nd5 14. Ne4 Nb6 15. Bd3 {White has more active pieces.} Na7 16. Bb1 {[%cal Oe4f6] Black is weak on the dark squares} Ba4 (16... Bc6 $1 $14) 17. Qc1 ({Better is} 17. Qe2 $16 {[%cal Oe4f6] Threatens to win with Nf6+!} Nd5 (17... Bb5 18. Qc2 $16) 18. Qd2) 17... Nd5 {Dodges Nf6+} (17... Rc8 $1 $11 18. Qf4 Nd5) 18. Nc5 (18. Re1 $16) 18... Bxc5 (18... Rc8 $11 19. Qd2 Bc6 (19... Bxc5 20. bxc5 Ne7 21. Qe3 $14)) 19. Qxc5 (19. bxc5 $16 {aiming for Ng5.} Rc8 20. Qc4) 19... Qb6 (19... Qe7 $11 {remains equal.}) 20. Qc4 $40 {[%mdl 128] Qd3 is the strong threat. White mounts an attack.} Qd8 (20... Rfc8 $1 $14 21. Qd3 g6) 21. Qe4 (21. Qd3 $16 g6 22. Qd2) 21... g6 $14 22. Ba2 (22. Bc1 $16) 22... Nb5 23. Rac1 Nbc7 $1 24. Qg4 Rc8 {[#]} ({Black should play} 24... h5 $14 25. Qg3 Nb5) 25. Ng5 $1 $16 Kg7 26. Ne4 Qe7 (26... h5 {was necessary.} 27. Qg3 Rh8) 27. Bd4 b6 28. Nf6 {Hoping for Bxd5.} h6 $2 (28... Qd8 29. h4 Ra8) 29. Bxd5 $18 {White is clearly winning.} exd5 30. e6 Qxe6 31. Nxd5+ ({Not} 31. Qxe6 Nxe6 32. Ne8+ (32. Nxd5+ Nxd4 33. Rxc8 Rxc8 $17) 32... Kg8 33. Rxc8 Bxe8 $18) 31... Kh7 32. Nf6+ (32. Nxc7 $2 {loses.} Qxg4 33. Bxb6 Rfd8 $19) 32... Kg7 {[#]} 33. Rxc7 $1 Rxc7 34. Ne8+ {Weighted Error Value: White=0.23 (precise) /Black=0.52.  Mistake:       	White=5     	Black=9      Inaccurate:     	White=2     	Black=3      OK:         	White=10    	Black=5      Best:        	White=1     	Black=1      Strong:       	White=1     	Black=1} 1-0